 Dungeon Crawl Stone Soup version 0.31.0-12-g77e489cdc1 (webtiles) character file.

Game seed: 9730588300212200890

91 Doomgape the Trooper (level 4, -3/29 HPs)
             Began as a Gargoyle Fighter on Feb 28, 2024.
             Slain by an iguana (8 damage)
             ... on level 3 of the Dungeon.
             The game lasted 00:05:27 (2704 turns).

Doomgape the Trooper (Gargoyle Fighter)             Turns: 2704, Time: 00:05:28

Health: -3/29      AC: 10    Str: 21    XL:     4   Next: 59%
Magic:  4/4        EV: 14    Int:  9    God:
Gold:   148        SH:  4    Dex:  9    Spells: 3/3 levels left

rFire   . . .        a - +0 flail
rCold   . . .        c - +0 buckler
rNeg    + . .        b - +0 scale mail
rPois   ∞            (no helmet)
rElec   +            (no cloak)
rCorr   .            (no gloves)
SInv    .            (no boots)
Will    .....        (no amulet) Stlth
                     n - +5 ring of evasion
HPRegen 0.24/turn    (no ring)
MPRegen 0.09/turn

%: no passive effects
@: no status effects
A: sickness immunity, AC +3, negative energy resistance 1, electricity
resistance, torment resistance 1, petrification resistance
a: no special abilities


You were on level 3 of the Dungeon.
You visited 1 branch of the dungeon, and saw 4 of its levels.

You collected 148 gold pieces.

Inventory:

Hand Weapons
 a - a +0 flail (weapon)
Missiles
 l - 2 throwing nets (quivered)
Armour
 b - a +0 scale mail (worn)
 c - a +0 buckler (worn)
Jewellery
 n - a +5 ring of evasion (left hand)
Scrolls
 e - 2 scrolls of poison {unknown}
 f - 2 scrolls of identify {unknown}
 g - 2 scrolls of teleportation {unknown}
 h - a scroll of revelation {unknown}
 i - a scroll of noise {unknown}
 j - a scroll of fog {unknown}
 k - 3 scrolls of amnesia {unknown}
 m - a scroll of blinking {unknown}
 o - 3 scrolls of enchant weapon {unknown}
 p - a scroll of immolation {unknown}
Potions
 d - a potion of might


   Skills:
 + Level 4.3 Fighting
 + Level 3.0 Maces & Flails
 + Level 4.2 Armour
 - Level 3.2 Shields


You had 3 spell levels left.
You didn't know any spells.
Your spell library contained the following spells:

 Spells                   Type           Power      Damage    Failure   Level
 Lesser Beckoning         Tloc           0%         N/A       89%         2
 Gell's Gravitas          Tloc           0%         N/A       98%         3
 Stone Arrow              Conj/Erth      0%         3d7       98%         3
 Teleport Other           Tloc           0%         N/A       98%         3
 Animate Armour           Summ/Erth      0%         N/A       100%        4
 Manifold Assault         Tloc           0%         N/A       100%        4
 Dispersal                Tloc           0%         N/A       100%        6
 Disjunction              Tloc           0%         N/A       100%        8
 Lehudib's Crystal Spear  Conj/Erth      0%         10d2      100%        8


Dungeon Overview and Level Annotations

Branches:
Dungeon (4/15)
 Temple: D:4-7

Altars:
Nemelex Xobeh
Ru
Vehumet
Wu Jian


Innate Abilities, Weirdness & Mutations

You are immune to sickness and miasma.
Your stone body is resilient. (AC +3)
You are immune to poison.
You resist negative energy. (rN+)
You are resistant to electric shocks. (rElec)
You are resistant to unholy torment.
You are immune to petrification.


Message History

The iguana bites you but does no damage.
The orc barely misses you.
You hit the orc.
The orc is heavily wounded.
The iguana completely misses you. The orc barely misses you.
Unknown command.
You closely miss the orc.
The orc is heavily wounded.
The iguana closely misses you. The orc barely misses you. The iguana bites you.
* * * LOW HITPOINT WARNING * * *
You closely miss the orc.
The orc is heavily wounded.
The orc misses you. The iguana bites you.
* * * LOW HITPOINT WARNING * * *
The orc misses you.
Unknown command.
You thump the orc!
You kill the orc!
The iguana bites you but does no damage.
Unknown command.
You hit the iguana but do no damage. You block the iguana's attack.
You hit the iguana.
The iguana is lightly wounded.
The iguana barely misses you. The iguana misses you.
Unknown command.
You barely miss the iguana.
The iguana is lightly wounded.
The iguana misses you.
Unknown command.
You hit the iguana but do no damage.
The iguana is lightly wounded.
You block the iguana's attack.
Unknown command.
You barely miss the iguana.
The iguana is lightly wounded.
The iguana closely misses you.
You barely miss the iguana.
The iguana is lightly wounded.
The iguana misses you. The iguana bites you!
You die...

### ##########
##l## ##........#
##@#.##
#⌠.⌠.####.#
##)###.##
.._...###.####.##
##.##
.⌠.⌠....#.....##
##.#
...........###.##
##.##
.#.........#
##.###.##
..........##
##.#.##
..###.##### ##.##
..###.# #.#


You could see an iguana.

Vanquished Creatures
  Natasha (D:4)
  2 dart slugs
  A ribbon worm (D:3)
  3 orcs
  6 ball pythons
  9 bats
  4 endoplasms
  A giant cockroach (D:1)
  9 goblins
  5 hobgoblins
  3 kobolds
  3 quokkas
  5 rats
52 creatures vanquished.

Notes
Turn   | Place    | Note
-------+----------+-------------------------------------------
     0 | D:1      | Doomgape the Gargoyle Fighter began the quest for the Orb.
     0 | D:1      | Reached XP level 1. HP: 14/14 MP: 1/1
    92 | D:1      | Found a faded altar of an unknown god.
   135 | D:1      | Reached XP level 2. HP: 19/19 MP: 2/2
   574 | D:1      | Reached XP level 3. HP: 23/24 MP: 3/3
  1711 | D:3      | Found an ornate altar of the Wu Jian Council.
  2086 | D:3      | Found a sparkling altar of Nemelex Xobeh.
  2291 | D:3      | Reached XP level 4. HP: 29/29 MP: 4/4
  2430 | D:3      | Found a radiant altar of Vehumet.
  2458 | D:3      | Found a sacrificial altar of Ru.
  2535 | D:4      | Noticed Natasha
  2546 | D:4      | Killed Natasha
  2704 | D:3      | Slain by an iguana

Illustrated notes

Levels and vault maps discovered:
D:1:      dpeg_arrival_lava_temple_mockup, layout_basic, serial_forest,
          infiniplex_forest_end_1, infiniplex_forest_straight_3,
          infiniplex_forest_clump_small, infiniplex_forest_end_3,
          infiniplex_forest_lined_2, infiniplex_forest_clump_tiny,
          infiniplex_forest_straight_2, infiniplex_forest_lined_2,
          ebering_ecumenical_altar_mist, nicolae_houndstooth_variations
D:2:      layout_rooms, serial_bayou_pond_d, kennysheep_path_1,
          wad_floor_pattern_untrapped
D:3:      layout_loops_cross, vehumet_crystals, mainiacjoe_overflow_catwalk,
          nicolae_wu_jian_wuxing_cycle, nemelex_xobeh_ov_fountains_minmay
D:4:      layout_basic, uniq_crazy_yiuf_cottage, uniq_natasha

Skill      XL: |  1  2  3  4 |
---------------+-------------+-----
Fighting       | 4 |  4.3
Armour         | 4 |  4.2
Maces & Flails | 3 |  3.0
Shields        | |  3.2

Action                     |  1- 3 |  4- 6 || total
---------------------------+-------+-------++-------
  Melee: Flail             |   154 |    33 ||   187
    Use: Scroll            |     1 |       ||     1
         Potion            |     1 |       ||     1
 Armour: Scale mail        |   109 |    28 ||   137
  Dodge: Dodged            |   107 |    33 ||   140
  Block: Buckler           |    49 |    10 ||    59
